 Dungeon Crawl Stone Soup version 0.29-a0-823-gc37b1572da (webtiles) character file.

Game seed: 15142845114644505782

3847 kevlar127 the Grappler (level 9, -4/96 HPs)
             Began as a Troll Berserker on July 8, 2022.
             Was a Priest of Trog.
             Slain by a killer bee (7 damage)
             ... on level 8 of the Dungeon.
             The game lasted 00:09:58 (5857 turns).

kevlar127 the Grappler (Troll Berserker)            Turns: 5857, Time: 00:09:59

Health: -4/96      AC:  7    Str: 30 (31) XL:     9   Next: 98%
Magic:  8/8        EV: 10    Int:  1 (3)  God:    Trog [***...]
Gold:   515        SH:  0    Dex: 13 (15) Spells: 8/8 levels left

rFire   . . .      SeeInvis .     - Unarmed
rCold   . . .      Faith    .   (no shield)
rNeg    . . .      Spirit   .   a - +0 animal skin
rPois   .          Reflect  .   (helmet restricted)
rElec   .          Harm     .   u - +2 cloak {Will+}
rCorr   .          Rampage  .   (gloves unavailable)
Will    +++..                   (boots unavailable)
Stlth   +.........              (no amulet)
HPRegen 2.06/turn               p - +6 ring of dexterity
MPRegen 0.11/turn               (no ring)

@: lethally poisoned (-4 -> -4), strong-willed, on berserk cooldown,
regenerating, slowed, very slow
A: large, unfitting armour, claws 3, regeneration 1, shaggy fur 1, tough skin 1
a: Renounce Religion, Berserk, Trog's Hand


You were on level 8 of the Dungeon.
You worshipped Trog.
Trog was most pleased with you.
You visited 1 branch of the dungeon, and saw 8 of its levels.

You collected 515 gold pieces.

Inventory:

Missiles
 b - 43 stones (quivered)
 c - 10 poisoned darts
 k - 3 javelins
 y - 8 boomerangs
 G - 5 silver javelins
Armour
 a - a +0 animal skin (worn)
 u - a +2 cloak of willpower (worn)
Jewellery
 p - a +6 ring of dexterity (left claw)
 F - a ring of protection from cold
Scrolls
 d - 9 scrolls of identify {unknown}
 i - 3 scrolls of enchant weapon {unknown}
 l - a scroll of immolation {unknown}
 n - a scroll of amnesia {unknown}
 o - a scroll of teleportation {unknown}
 q - 2 scrolls of blinking {unknown}
 r - 2 scrolls of magic mapping {unknown}
 v - 2 scrolls of summoning {unknown}
 w - a scroll of enchant armour {unknown}
 x - 2 scrolls of poison {unknown}
 D - a scroll of brand weapon {unknown}
 E - a scroll of fear {unknown}
 H - a scroll of vulnerability {unknown}
Potions
 e - 5 potions of curing
 f - 3 potions of degeneration
 g - 2 potions of lignification {unknown}
 h - a potion of berserk rage {unknown}
 j - 2 potions of flight {unknown}
 m - a potion of cancellation {unknown}
 s - a potion of resistance {unknown}
 t - 2 potions of might {unknown}
 z - 2 potions of haste {unknown}
 A - a potion of ambrosia {unknown}
 B - 2 potions of brilliance {unknown}
 C - a potion of magic {unknown}


   Skills:
 + Level 8.2 Fighting
 - Level 5.0 Throwing
 - Level 3.0 Dodging
 + Level 9.7 Unarmed Combat


You had 8 spell levels left.
You didn't know any spells.
Your spell library was empty.

Dungeon Overview and Level Annotations

Branches:
Dungeon (8/15)             Temple (0/1) D:4
   Lair: D:8-11

Altars:
Dithmenos
Ru
Uskayaw
Vehumet

Shops:
D:2 =


Innate Abilities, Weirdness & Mutations

You are too large for most types of armour.
You have claws for hands.
Your natural rate of healing is unusually fast.
You are covered in fur. (AC +1)
You have tough skin. (AC +1)


Message History

The killer bee completely misses you. The killer bee stings you.
* * * LOW HITPOINT WARNING * * *
The killer bee stings you but does no damage.
Your skin crawls.
You feel strong-willed. The killer bee stings you.
* * * LOW HITPOINT WARNING * * *
The killer bee stings you but does no damage.
The killer bee barely misses you.
You claw the killer bee!
The killer bee is heavily wounded.
The killer bee stings you but does no damage.
The killer bee barely misses you.
You miss the killer bee.
The killer bee is heavily wounded.
The killer bee stings you but does no damage.
The killer bee barely misses you. x2
You scratch the killer bee. You claw the killer bee.
The killer bee is severely wounded.
The killer bee stings you but does no damage.
The killer bee stings you.
* * * LOW HITPOINT WARNING * * *
Unknown command.
You scratch the killer bee.
The killer bee is almost dead.
The killer bee stings you.
* * * LOW HITPOINT WARNING * * *
You are poisoned.
The killer bee poisons you! The killer bee stings you.
* * * LOW HITPOINT WARNING * * *
The killer bee closely misses you.
You closely miss the killer bee.
The killer bee is almost dead.
You feel sick. The killer bee stings you.
* * * LOW HITPOINT WARNING * * *
The killer bee stings you but does no damage.
You closely miss the killer bee.
The killer bee is almost dead.
You feel sick. The killer bee stings you!
You die...

# ###. #).# .# #
...### #..#
.###.##...###..#
....#.#....#..#
..###.#..?...#
#............# #
.............## ###..#
.............y###....#
...<###......yyy@#
......#......#####
.........)..##
...####.##..#
##..###.##..#
.##.[...##....
.##...#..#.....
.....###.......^
......# #......!


You could see 4 killer bees.

Vanquished Creatures
  A two-headed ogre (D:7)
  A troll (D:8)
  Eustachio (D:5)
  2 steam dragons
  A water moccasin (D:7)
  2 ice beasts
  2 orc warriors (D:7)
  3 sky beasts
  An ogre (D:4)
  A centaur (D:8)
  3 phantoms
  A necrophage (D:6)
  4 scorpions
  10 wights
  2 killer bees (D:8)
  4 hounds
  3 orc priests
  Crazy Yiuf (D:3)
  2 iguanas
  Jessica (D:2)
  Terence (D:3)
  An orc wizard (D:5)
  12 adders
  A shadow imp (D:7)
  A white imp (D:7)
  2 dart slugs
  28 orcs
  7 ball pythons
  4 endoplasms
  4 giant cockroaches
  6 goblins
  2 hobgoblins (D:4)
  3 jackals (D:1)
  4 quokkas
  5 bats
  2 frilled lizards
  9 kobolds
  5 rats
143 creatures vanquished.

Notes
Turn   | Place    | Note
-------+----------+-------------------------------------------
     0 | D:1      | kevlar127 the Troll Berserker began the quest for the Orb.
     0 | D:1      | Reached XP level 1. HP: 22/22 MP: 0/0
   168 | D:1      | Reached XP level 2. HP: 29/29 MP: 1/1
   370 | D:1      | Reached XP level 3. HP: 36/36 MP: 2/2
   380 | D:1      | Reached ** piety under Trog
   600 | D:2      | Found Qyofa's Jewellery Shoppe.
   617 | D:2      | Found a faded altar of an unknown god.
   617 | D:2      | Noticed Jessica
   618 | D:2      | Killed Jessica
   730 | D:2      | Reached XP level 4. HP: 45/45 MP: 3/3
   807 | D:2      | You fall into a shaft and drop 2 floors!
   856 | D:4      | Noticed a scorpion
   865 | D:4      | Killed a scorpion
   866 | D:4      | Reached skill level 4 in Unarmed Combat
   903 | D:4      | Found a staircase to the Ecumenical Temple.
   926 | D:4      | Noticed a phantom
   930 | D:4      | Reached XP level 5. HP: 51/53 MP: 4/4
   932 | D:4      | Killed a phantom
  1200 | D:3      | Found a runed translucent door.
  1201 | D:3      | Noticed Crazy Yiuf
  1501 | D:3      | Noticed Terence
  1509 | D:3      | Killed Terence
  1646 | D:2      | Reached XP level 6. HP: 62/62 MP: 5/5
  1865 | D:2      | Reached skill level 5 in Unarmed Combat
  2205 | D:3      | Noticed an ice beast
  2216 | D:3      | HP: 3/93 [ice beast (13)]
  2217 | D:3      | Killed an ice beast
  2758 | D:3      | Killed Crazy Yiuf
  2873 | D:4      | Reached XP level 7. HP: 71/71 MP: 6/6
  3009 | D:4      | Reached skill level 5 in Fighting
  3009 | D:4      | Reached skill level 6 in Unarmed Combat
  3332 | D:5      | Entered Level 5 of the Dungeon
  3339 | D:5      | Noticed Eustachio
  3362 | D:5      | Killed Eustachio
  3363 | D:5      | Reached skill level 1 in Throwing
  3426 | D:5      | Reached *** piety under Trog
  3689 | D:5      | Reached XP level 8. HP: 81/81 MP: 7/7
  4124 | D:6      | Reached skill level 7 in Unarmed Combat
  4230 | D:6      | Found a shadowy altar of Dithmenos.
  4672 | D:7      | Reached XP level 9. HP: 92/92 MP: 8/8
  4684 | D:7      | Reached skill level 8 in Unarmed Combat
  4895 | D:7      | Reached **** piety under Trog
  4965 | D:7      | Reached skill level 5 in Throwing
  5048 | D:7      | Found a hide-covered altar of Uskayaw.
  5179 | D:7      | Found a radiant altar of Vehumet.
  5218 | D:7      | Found a sacrificial altar of Ru.
  5383 | D:7      | Noticed a two-headed ogre
  5389 | D:7      | Killed a two-headed ogre
  5390 | D:7      | Reached skill level 9 in Unarmed Combat
  5723 | D:8      | Noticed a troll
  5730 | D:8      | Killed a troll
  5856 | D:8      | HP: 2/96 [killer bee (6)]
  5857 | D:8      | Slain by a killer bee

Illustrated notes

Levels and vault maps discovered:
D:1:      sevenhm_arrival_forest_fort_small_4, layout_rooms
D:2:      layout_basic, serial_shops, shop, basic_ecumenical_altar,
          minmay_misc_feat_room, uniq_jessica
D:3:      layout_loops_corners, uniq_crazy_yiuf_cottage, uniq_terence
D:4:      layout_loops_ring, minmay_temple_entry_statues_fountains
D:5:      layout_loops_ring, uniq_eustachio
D:6:      layout_loops_ring, mainiacjoe_overflow_concentric_impassable
D:7:      layout_cave_pods, nicolae_ru_awakened_eye,
          mainiacjoe_overflow_big_doors
D:8:      layout_layer_cave

Skill      XL: |  1  2  3  4  5  6  7  8  9 |
---------------+----------------------------+-----
Fighting       | 3 4 5 6 8 |  8.2
Dodging        | 3 |  3.0
Unarmed Combat | 4 5 6 7 9 |  9.7
Throwing       | 2 4 5 |  5.0

Action                   |  1- 3 |  4- 6 |  7- 9 || total
-------------------------+-------+-------+-------++-------
Melee: Unarmed           |    74 |    82 |   231 ||   387
       Punch             |     1 |     3 |     6 ||    10
Invok: Berserk           |       |     2 |     2 ||     4
       Trog's Hand       |       |       |     3 ||     3
  Use: Potion            |       |       |     2 ||     2
 Stab: Sleeping          |       |     1 |     2 ||     3
Armor: Animal skin       |    30 |    15 |    93 ||   138
Dodge: Dodged            |    44 |    27 |   121 ||   192

Table legend: (Time is in decaauts)
 A = Elapsed time spent in this place.
 B = Non-inter-level travel time spent in this place.
 C = Inter-level travel time spent in this place.
 D = Time resting spent in this place.
 E = Time spent auto-exploring this place.
 F = Levels seen in this place.
 G = Mean time per level.
                   A        B        C        D        E       F      G
               +--------+--------+--------+--------+--------+-----+--------+
         Total |   5843 |   5666 |    177 |    348 |   4486 |   8 |  730.4 |
       Dungeon |   5843 |   5666 |    177 |    348 |   4486 |   8 |  730.4 |
               +--------+--------+--------+--------+--------+-----+--------+

Top non-repeatable levels by time:
     D:3: 1289 daAuts
     D:7: 866 daAuts
     D:2: 739 daAuts
     D:5: 724 daAuts
     D:4: 716 daAuts
     D:6: 596 daAuts
     D:1: 594 daAuts
     D:8: 314 daAuts
